 Dungeon Crawl Stone Soup version 0.31-a0-214-gb37851dbb3 (webtiles) character file.

Game seed: 15667334441502661057

33710 Pooter the Bludgeoner (level 13, -10/122 HPs)
             Began as a Minotaur Berserker on June 30, 2023.
             Was a Believer of Trog.
             Mangled by a hell knight
             ... wielding a +0 flail of flaming
              (16 damage)
             ... in a volcano on July 2, 2023.
             The game lasted 01:20:41 (20769 turns).

Pooter the Bludgeoner (Minotaur Berserker)         Turns: 20769, Time: 01:20:42

Health: -10/122    AC: 17    Str: 31    XL:     13   Next: 38%
Magic:  12/12      EV:  8    Int:  4    God:    Trog [**....]
Gold:   514        SH:  0    Dex: 12    Spells: 12/12 levels left

rFire   + . .        a - +2 dire flail (chaos)
rCold   + . .        (shield currently unavailable)
rNeg    . . .        R - +4 plate armour {Will+}
rPois   +            (helmet restricted)
rElec   +            (no cloak)
rCorr   +            i - +0 pair of gloves
SInv    .            w - +0 pair of boots
Will    ++...        (no amulet) Stlth
                     u - ring of willpower
HPRegen 0.40/turn    O - +6 ring of strength
MPRegen 0.13/turn

%: no passive effects
@: resistant, on berserk cooldown, slowed, very slow
A: horns 2, retaliatory headbutt
a: Renounce Religion, Berserk, Trog's Hand


You were in a volcano.
You worshipped Trog.
Trog was pleased with you.
You visited 2 branches of the dungeon, and saw 14 of its levels.
You also visited: Volcano.

You collected 892 gold pieces.
You spent 378 gold pieces at shops.

Inventory:

Hand Weapons
 a - a +2 dire flail of chaos (weapon)
   (You took it off a wight on level 10 of the Dungeon)
 b - a +2 heavy longbow
   (You found it on level 4 of the Dungeon)
 n - the +8 rapier of the Priest {speed, rElec rPois Dex-4}
   (You found it on level 11 of the Dungeon)

   Dex:       It affects your dexterity (-4).
   rElec:     It insulates you from electricity.
   rPois:     It protects you from poison.
 o - a +0 mace of holy wrath
   (You found it on level 1 of the Dungeon)
 q - a +2 hand axe of freezing
   (You found it on level 1 of the Dungeon)
 r - the +4 trident "Ronedar" {freeze, rElec rN+ Dex+2}
   (You found it on level 4 of the Dungeon)

   Dex:       It affects your dexterity (+2).
   rElec:     It insulates you from electricity.
   rN:        It protects you from negative energy.
 M - a +3 scimitar of flaming
   (You took it off Erica on level 8 of the Dungeon)
 P - a +0 morningstar of flaming
   (You took it off an orc on level 3 of the Dungeon)
Missiles
 j - 27 poisoned darts (quivered)
 p - 2 throwing nets {!f}
 s - 5 boomerangs
 A - 6 silver boomerangs
 I - 2 curare-tipped darts
 Q - 141 stones
Armour
 i - a +0 pair of gloves (worn)
   (You found it on level 2 of the Lair of Beasts)
 w - a +0 pair of boots (worn)
   (You found it on level 4 of the Dungeon)
 R - a +4 plate armour of willpower (worn)
   (You took it off an orc warrior on level 11 of the Dungeon)
Jewellery
 u - a ring of willpower (left hand)
   (You found it on level 4 of the Dungeon)
 C - a ring of resist corrosion
   (You took it off a kobold on level 10 of the Dungeon)
 O - a +6 ring of strength (right hand)
   (You took it off an orc wizard on level 10 of the Dungeon)
Wands
 d - a wand of iceblast (1)
   (You found it on level 1 of the Lair of Beasts)
 f - a wand of flame (20)
   (You found it on level 5 of the Dungeon)
 v - a wand of digging (5)
   (You found it on level 6 of the Dungeon)
 E - a wand of quicksilver (1)
   (You took it off an orc warrior on level 9 of the Dungeon)
 F - a wand of mindburst (14)
   (You found it on level 6 of the Dungeon)
 J - a wand of polymorph (4)
   (You found it on level 10 of the Dungeon)
Scrolls
 c - 2 scrolls of butterflies
 h - 2 scrolls of fear
 l - 4 scrolls of vulnerability {!r}
 t - 7 scrolls of teleportation {@r4}
 x - 2 scrolls of revelation
Potions
 e - 2 potions of degeneration {unknown}
 g - 2 potions of enlightenment
 k - a potion of magic {unknown}
 m - 4 potions of curing {@q1}
 z - 2 potions of attraction {unknown}
 B - 2 potions of lignification {!q}
 D - 2 potions of heal wounds {@q2}
 G - 2 potions of invisibility
 H - a potion of ambrosia {unknown}
 K - a potion of might {unknown}
 L - 2 potions of resistance
 N - a potion of mutation {!q}


   Skills:
 + Level 13.1 Fighting
 - Level 6.3(12.5) Axes
 * Level 16.8(17.2) Maces & Flails
 * Level 15.4 Ranged Weapons
 - Level 2.4 Armour
 - Level 2.1 Dodging


You had 12 spell levels left.
You didn't know any spells.
Your spell library was empty.

Dungeon Overview and Level Annotations

Branches:
Dungeon (11/15) Zot: 24861  Temple (0/1) D:4            Lair (3/5) D:9 Zot: 14499
  Snake (0/4) Lair:2      Volcano (1/1) Zot: 5090
  Swamp: Lair:2-3    Shoals: Lair:2-3       Orc: D:9-12

Altars:
Cheibriados
Fedhas
Nemelex Xobeh
Wu Jian
Yredelemnul
Zin
Jiyva

Shops:
D:3 !((   D:9 [

Annotations:
D:7 2 transporters, Moral's ghost, novice OgBe
Lair:2 3 runed translucent doors, benadryl's ghost, journeyman DjIE


Innate Abilities, Weirdness & Mutations

You have a pair of horns on your head.
You reflexively headbutt those who attack you in melee.


Message History

Found five items.
You feel a strong urge to attack something.
The hell knight shouts!
There is an open door here.
You impale the molten gargoyle!!
The molten gargoyle suddenly seems more agile.
The molten gargoyle hits you but does no damage.
The hell knight mumbles some strange prayers to its god.
The hell knight seems to speed up.
You bludgeon the molten gargoyle!!
You destroy the molten gargoyle!
Trog accepts your kill.
You see here a +1 antimagic mace.
You feel a strong urge to attack something.
You are no longer berserk.
You are exhausted.
You feel yourself slow down.
The hell knight hits you with a +0 flail of flaming.
The hell knight burns you.
You see here an amulet of regeneration.
You closely miss the hell knight. Your headbutt misses the hell knight.
The hell knight hits you with a +0 flail of flaming!
The hell knight burns you.
The hell knight hits you with a +0 flail of flaming!!
The hell knight burns you!
* * * LOW HITPOINT WARNING * * *
You feel protected.
The hell knight hits you with a +0 flail of flaming!!
* * * LOW HITPOINT WARNING * * *
The hell knight burns you.
* * * LOW HITPOINT WARNING * * *
The hell knight hits you with a +0 flail of flaming!
* * * LOW HITPOINT WARNING * * *
The hell knight burns you.
* * * LOW HITPOINT WARNING * * *
You barely miss the hell knight.
The hell knight hits you with a +0 flail of flaming!
* * * LOW HITPOINT WARNING * * *
The hell knight burns you.
* * * LOW HITPOINT WARNING * * *
You bludgeon the hell knight!!
The hell knight seems to slow down.
You headbutt the hell knight!
The hell knight invokes the aid of its god against you.
The bolt of fire hits you! You resist.
* * * LOW HITPOINT WARNING * * *
Unknown command.
You hit the hell knight.
Lightning courses through the hell knight!
The hell knight hits you with a +0 flail of flaming!
You die...

#.###### ####...
###.##...## ####......
#.8.)#....###8......§≈
#._.)'.∩.)'........≈§≈
#.8.)#....###8.....§≈§
###.##...## ###..§≈§§≈
#.###### ##...§§≈§
#'#..### ##...§≈§§§
#).@p[.####...§§≈≈§§
#..$!$.##....§§≈≈≈§≈
#..$$).##....§≈≈§§§§
###..#####.....§§§§≈
#### ##.....≈≈≈≈
##.....≈§§ ##.....§≈
###...§≈ ##....


You could see a hell knight (fast, slow).

Vanquished Creatures
  The ghost of benadryl the Destroyer, a journeyman DrCj of Vehumet (Lair:1)
  Erica (D:8)
  2 two-headed ogres
  A skyshark (Lair:2)
  A salamander mystic (Volcano)
  5 skeletal warriors
  Pikel (D:8)
  3 salamanders (Volcano)
  A manticore (D:11)
  12 elephants (Lair:2)
  A cyclops (D:11)
  Joseph (D:9)
  A molten gargoyle (Volcano)
  7 cane toads
  A torpor snail (Lair:1)
  2 komodo dragons
  3 kobold demonologists (D:10)
  A polar bear (Lair:1)
  3 trolls
  Prince Ribbit (D:5)
  2 hornets
  4 blink frogs (Lair:2)
  2 shadows (D:11)
  A vampire (D:11)
  5 wyverns
  6 fire bats (Volcano)
  A wraith (D:10)
  39 yaks
  4 basilisks
  4 vampire mosquitoes (D:10)
  12 water moccasins
  2 orc warriors
  3 black bears
  4 sky beasts
  An ogre (D:5)
  6 wolves (Lair:1)
  2 ice beasts (D:5)
  4 centaurs
  3 lemures (D:8)
  4 kobold brigands
  Blork the orc (D:5)
  7 bullfrogs
  2 gnoll sergeants
  A scorpion (D:7)
  9 wights
  4 killer bees (D:10)
  4 howler monkeys
  5 lava snakes (Volcano)
  2 jellies
  4 orc priests
  2 hounds
  A gnoll bouda (D:9)
  14 orc wizards
  3 iguanas
  18 gnolls
  5 adders
  A shadow imp (D:6)
  A white imp (D:7)
  2 ufetubi
  5 dart slugs
  27 orcs
  9 ball pythons
  12 bats
  9 endoplasms
  6 giant cockroaches
  10 goblins
  5 hobgoblins
  12 jackals
  6 quokkas
  3 frilled lizards
  30 kobolds
  6 rats
384 creatures vanquished.

Notes
Turn   | Place    | Note
-------+----------+-------------------------------------------
     0 | D:1      | Pooter the Minotaur Berserker began the quest for the Orb.
     0 | D:1      | Reached XP level 1. HP: 19/19 MP: 0/0
    60 | D:1      | Reached XP level 2. HP: 22/27 MP: 1/1
   227 | D:1      | Reached XP level 3. HP: 20/33 MP: 2/2
   301 | D:1      | Reached ** piety under Trog
   672 | D:1      | Reached skill level 5 in Axes
  1160 | D:2      | Reached XP level 4. HP: 33/41 MP: 3/3
  1268 | D:2      | You fall into a shaft and drop 1 floor!
  1298 | D:3      | Found a faded altar of an unknown god.
  1744 | D:3      | Found Erpheeco's Weapon Emporium.
  1869 | D:3      | Found Sobriebe's Weapon Emporium.
  2058 | D:3      | Found Vyvveocu's Distillery.
  2065 | D:3      | Reached skill level 5 in Fighting
  2065 | D:3      | Reached XP level 5. HP: 48/48 MP: 4/4
  2122 | D:3      | Bought a potion of curing for 42 gold pieces
  2417 | D:4      | Found a staircase to the Ecumenical Temple.
  2448 | D:4      | Identified the +4 trident "Ronedar" {freeze, rElec rN+
                  | Dex+2}
  2473 | D:4      | Reached skill level 1 in Maces & Flails
  2490 | D:4      | Reached *** piety under Trog
  2711 | D:4      | Reached skill level 2 in Maces & Flails
  2714 | D:4      | Reached skill level 1 in Ranged Weapons
  2716 | D:4      | Reached XP level 6. HP: 55/56 MP: 5/5
  2903 | D:4      | Reached skill level 3 in Maces & Flails
  2993 | D:3      | Bought a potion of lignification for 42 gold pieces
  2993 | D:3      | Bought a potion of heal wounds for 70 gold pieces
  3046 | D:5      | Entered Level 5 of the Dungeon
  3167 | D:4      | Found a blossoming altar of Fedhas.
  3498 | D:5      | Noticed an ice beast
  3500 | D:5      | Killed an ice beast
  3501 | D:5      | Reached skill level 4 in Maces & Flails
  3501 | D:5      | Reached XP level 7. HP: 63/63 MP: 6/6
  3683 | D:5      | Noticed Prince Ribbit
  3703 | D:5      | Killed Prince Ribbit
  3704 | D:5      | Reached skill level 5 in Maces & Flails
  3963 | D:5      | Reached skill level 5 in Ranged Weapons
  3963 | D:5      | Reached XP level 8. HP: 32/71 MP: 7/7
  4148 | D:5      | Reached skill level 6 in Maces & Flails
  4198 | D:5      | Noticed Blork the orc
  4200 | D:5      | Killed Blork the orc
  4780 | D:6      | Reached skill level 7 in Maces & Flails
  4948 | D:3      | Bought a potion of invisibility for 112 gold pieces
  6400 | D:7      | Reached XP level 9. HP: 80/80 MP: 8/8
  6402 | D:7      | Reached skill level 8 in Maces & Flails
  6579 | D:7      | Noticed Moral's ghost (novice OgBe)
  6599 | D:7      | Found a transporter.
  6602 | D:7      | Found a transporter.
  6603 | D:7      | Noticed a komodo dragon
  7490 | D:8      | Found an ornate altar of the Wu Jian Council.
  7667 | D:8      | Upgraded the game from 0.31-a0-210-gccc998df9b to
                  | 0.31-a0-214-gb37851dbb3
  7837 | D:8      | Reached skill level 9 in Maces & Flails
  8011 | D:8      | Noticed Erica
  8035 | D:8      | Killed Erica
  8216 | D:8      | Found a sparkling altar of Nemelex Xobeh.
  8275 | D:8      | Noticed Pikel
  8282 | D:8      | Killed Pikel
  8283 | D:8      | Reached skill level 10 in Maces & Flails
  8283 | D:8      | Reached XP level 10. HP: 91/91 MP: 9/9
  8440 | D:3      | Bought a potion of mutation for 112 gold pieces
  9611 | D:9      | Reached skill level 11 in Maces & Flails
  9614 | D:9      | Reached skill level 10 in Ranged Weapons
 10898 | D:9      | Reached skill level 10 in Fighting
 10905 | D:9      | Reached skill level 12 in Maces & Flails
 11377 | D:9      | Found a staircase to the Lair.
 11394 | D:9      | Found a basalt altar of Yredelemnul.
 11914 | D:9      | Found Waownoef's Armour Shoppe.
 12061 | D:9      | Noticed Joseph
 12066 | D:9      | Killed Joseph
 12067 | D:9      | Reached XP level 11. HP: 100/100 MP: 10/10
 12162 | D:10     | Entered Level 10 of the Dungeon
 12162 | D:10     | Found a snail-covered altar of Cheibriados.
 12500 | D:10     | Found a glowing silver altar of Zin.
 12506 | D:10     | Noticed a two-headed ogre
 12722 | D:10     | Paralysed by a hornet for 3 turns
 12725 | D:10     | HP: 4/101 [hornet (10)]
 12983 | D:10     | Killed a two-headed ogre
 13249 | D:10     | Reached skill level 13 in Maces & Flails
 14680 | D:11     | Noticed a skeletal warrior
 14788 | D:11     | Noticed a skeletal warrior
 14790 | D:11     | Noticed a centaur warrior
 14874 | D:11     | Noticed a skeletal warrior
 14890 | D:11     | Killed a skeletal warrior
 14893 | D:11     | Noticed a skeletal warrior
 14905 | D:11     | Killed a skeletal warrior
 14907 | D:11     | Noticed a skeletal warrior
 15072 | D:11     | Killed a skeletal warrior
 15073 | D:11     | Reached skill level 14 in Maces & Flails
 15073 | D:11     | HP: 2/153 [skeletal warrior/stone (8)]
 15544 | D:10     | Killed a skeletal warrior
 15606 | D:11     | Killed a skeletal warrior
 15607 | D:11     | Reached XP level 12. HP: 110/110 MP: 11/11
 15958 | D:11     | Identified the +8 rapier of the Priest {speed, rElec rPois
                  | Dex-4}
 16174 | D:11     | Noticed a two-headed ogre
 16176 | D:11     | Killed a two-headed ogre
 16342 | Lair:1   | Entered Level 1 of the Lair of Beasts
 16460 | Lair:1   | Reached skill level 15 in Maces & Flails
 16883 | Lair:1   | Found a runed translucent door.
 16888 | Lair:1   | Noticed benadryl's ghost (journeyman DrCj)
 17569 | Lair:1   | Killed benadryl's ghost
 18823 | Lair:2   | Reached skill level 16 in Maces & Flails
 18907 | Lair:2   | Reached XP level 13. HP: 112/119 MP: 12/12
 19140 | Lair:2   | Found a runed translucent gate.
 19140 | Lair:2   | Found a runed translucent gate.
 19140 | Lair:2   | Found a runed translucent gate.
 19143 | Lair:2   | Noticed benadryl's ghost (journeyman DjIE)
 19146 | Lair:2   | Found a viscous altar of Jiyva.
 19276 | Lair:2   | Found a staircase to the Snake Pit.
 19389 | Lair:2   | Reached skill level 15 in Ranged Weapons
 19738 | Lair:3   | Identified the +7 long sword of the Smoking Gods {heavy,
                  | rPois Str+2 Int-3}
 19860 | Lair:3   | Found a dark tunnel.
 19869 | Volcano  | Entered a volcano
 20536 | Volcano  | Found a bloodstained altar of Trog.
 20768 | Volcano  | HP: 6/122 [hell knight/bolt of fire (10)]
 20769 | Volcano  | Mangled by a hell knight

Illustrated notes

Levels and vault maps discovered:
D:1:      onia_arrival_handbag, layout_basic
D:2:      wander_river, layout_basic, nicolae_underground_beach
D:3:      layout_loops_ring, serial_shops, shop, nicolae_shop_real_fake_doors,
          nicolae_shop_hallway_plus, basic_ecumenical_altar
D:4:      layout_loops_ring, fedhas_altar_4, minmay_temple_entry_overgrown,
          nicolae_the_louvre
D:5:      layout_loops_cross, chequers_decorated_corner,
          kennysheep_generic_room_12, uniq_prince_ribbit1, uniq_blork_the_orc
D:6:      layout_layer_cave, st_stairs_2, minmay_misc_feat_ornament
D:7:      layout_loops_ring, nzn_ghost_randoct, nicolae_sextant
D:8:      layout_loops_corners, mainiacjoe_overflow_alcove_4,
          nicolae_wu_jian_wuxing_cycle, uniq_pikel, uniq_erica
D:9:      layout_rooms, yredelemnul_altar_generic, minmay_lair_entry_grove,
          serial_shops, shop, hangedman_abyss_or_decor_stagger, uniq_joseph
D:10:     layout_rooms, mainiacjoe_overflow_catch_the_wave
D:11:     layout_roguey
Lair:1:   layout_chaotic_city, ebering_ghost_reflecting_pool
Lair:2:   layout_hall_layers, dummy_snake_entry, gammafunk_ghost_ooze
Lair:3:   layout_misc_corridors, nicolae_shoals_entry_roost,
          maelrawn_ghost_gauntlet_escape, nicolae_volcano_entry_hallway,
          infiniplex_staircase_pool
Volcano:  volcano_grotto [vgs_original]

Skill      XL: |  1  2  3  4  5  6  7  8  9 10 11 12 13 |
---------------+----------------------------------------+-----
Axes           | 4 5 6 |  6.3
Fighting       | 4 5 6 7 9 10 11 12 13 | 13.1
Maces & Flails | 2 4 5 7 10 12 14 16 | 16.8
Ranged Weapons | 1 3 5 7 9 11 13 14 15 | 15.4
Armour         | |  2.4
Dodging        | |  2.1

Action                     |  1- 3 |  4- 6 |  7- 9 | 10-12 | 13-15 || total
---------------------------+-------+-------+-------+-------+-------++-------
  Melee: Hand axe          |    85 |    57 |       |       |       ||   142
         Headbutt          |    10 |    15 |    14 |    71 |    30 ||   140
         Punch             |     1 |       |     2 |     1 |       ||     4
         Morningstar       |       |    54 |   126 |   108 |       ||   288
         Dire flail        |       |       |       |   289 |   100 ||   389
         Trident           |       |       |       |     3 |       ||     3
   Fire: Longbow           |       |    15 |   102 |   157 |    33 ||   307
  Throw: Dart              |       |       |       |    16 |     5 ||    21
 Invoke: Trog's Hand       |       |     4 |     9 |    29 |     4 ||    46
         Berserk           |       |     4 |    13 |    16 |     2 ||    35
  Evoke: Wand              |       |       |     3 |     4 |       ||     7
    Use: Scroll            |     1 |     6 |     1 |    13 |     2 ||    23
         Potion            |       |       |       |     3 |     1 ||     4
   Stab: Sleeping          |     2 |     1 |       |       |       ||     3
         Invisible         |       |       |       |     3 |       ||     3
 Armour: Animal skin       |     9 |    11 |       |       |       ||    20
         Ring mail         |       |     2 |       |       |       ||     2
         Chain mail        |       |    17 |   124 |    78 |       ||   219
         Plate armour      |       |       |       |   135 |    62 ||   197
  Dodge: Dodged            |    62 |    90 |    88 |   190 |    31 ||   461

Table legend: (Time is in decaauts)
 A = Elapsed time spent in this place.
 B = Non-inter-level travel time spent in this place.
 C = Inter-level travel time spent in this place.
 D = Time resting spent in this place.
 E = Time spent auto-exploring this place.
 F = Levels seen in this place.
 G = Mean time per level.
                   A        B        C        D        E       F      G
               +--------+--------+--------+--------+--------+-----+--------+
         Total |  21290 |  20167 |   1123 |   9200 |   7679 |  15 | 1419.3 |
       Dungeon |  16881 |  15855 |   1026 |   6997 |   6253 |  11 | 1534.6 |
          Lair |   3500 |   3403 |     97 |   1480 |   1426 |   3 | 1166.7 |
       Volcano |    908 |    908 |      0 |    722 |      0 |   1 |  908.0 |
               +--------+--------+--------+--------+--------+-----+--------+

Top non-repeatable levels by time:
     D:9: 3322 daAuts
    D:10: 2843 daAuts
  Lair:2: 2042 daAuts
     D:6: 1594 daAuts
     D:5: 1447 daAuts
     D:7: 1358 daAuts
     D:8: 1350 daAuts
  Lair:1: 1311 daAuts
    D:11: 1184 daAuts
     D:3: 1110 daAuts
     D:4: 1056 daAuts
 Volcano: 908 daAuts
     D:1: 837 daAuts
     D:2: 776 daAuts
  Lair:3: 147 daAuts
